 Dungeon Crawl Stone Soup version 0.28-a0-1624-g820543e53a (webtiles) character file.

Game seed: 3015889230291779171

208 oldriver the Stinger (level 5, -2/46 HPs)
             Began as a Naga Venom Mage on Jan 24, 2022.
             Slain by a black bear (4 damage)
             ... on level 3 of the Dungeon.
             The game lasted 00:06:35 (5246 turns).

oldriver the Stinger (Naga Venom Mage)              Turns: 5246, Time: 00:06:35

Health: -2/46      AC:  2    Str:  9 (10) XL:     5   Next: 86%
Magic:  9/9        EV: 10    Int: 14 (17) God:
Gold:   130        SH:  0    Dex: 10 (12) Spells: 0/10 levels left

rFire   . . .      SeeInvis +   l - +0 spear (venom)
rCold   . . .      Faith    .   (no shield)
rNeg    . . .      Spirit   .   a - +0 robe
rPois   +          Reflect  .   (no helmet)
rElec   .          Harm     .   (no cloak)
rCorr   .          Rampage  .   (no gloves)
Will    .....                   (no barding)
Stlth   +++.......              (no amulet)
HPRegen 0.15/turn               (no ring)
MPRegen 0.11/turn               (no ring)

@: short of breath, attractive, invisible, very slow
A: AC +1, large, see invisible, deformed body, poison resistance, slowness 2,
spit poison 1, naga tail 1
a: Spit Poison


You were on level 3 of the Dungeon.
You visited 1 branch of the dungeon, and saw 4 of its levels.

You collected 130 gold pieces.

Inventory:

Hand Weapons
 l - a +0 spear of venom (weapon)
Missiles
 g - 4 javelins
 k - 12 poisoned darts
Armour
 a - a +0 robe (worn)
Wands
 q - a wand of digging (6)
Potions
 b - a potion of magic
 c - 4 potions of curing
 e - a potion of degeneration
 f - a potion of invisibility
 i - a potion of might {unknown}
 m - a potion of mutation {unknown}


   Skills:
 + Level 2.6 Fighting
 - Level 2.0 Dodging
 - Level 5.0 Stealth
 + Level 3.2 Spellcasting
 - Level 1.0 Transmutations
 - Level 5.0 Poison Magic


You couldn't memorise any spells.
You knew the following spells:

 Your Spells              Type           Power      Damage    Failure   Level
a - Sting                 Tmut/Pois      40%        1d5       6%          1
b - Poisonous Vapours     Pois/Air       18%        N/A       12%         2
c - Mephitic Cloud        Conj/Pois/Air  6%         N/A       32%         3
o - Olgreb's Toxic Radia  Pois           16%        N/A       26%         4

Your spell library contained the following spells:

 Spells                   Type           Power      Damage    Failure   Level
 Animate Skeleton         Necr           4%         N/A       22%         1
 Apportation              Tloc           4%         N/A       22%         1
 Summon Small Mammal      Summ           8%         N/A       22%         1
 Borgnjor's Revivificati  Necr           1%         N/A       100%        8
 Necromutation            Tmut/Necr      1%         N/A       100%        8
 Death's Door             Necr           1%         N/A       100%        9


Dungeon Overview and Level Annotations

Branches:
Dungeon (4/15)
 Temple: D:4-7

Altars:


Innate Abilities, Weirdness & Mutations

Your serpentine skin is tough. (AC +1)
You have supernaturally acute eyesight. (SInv)
Armour fits poorly on your strangely shaped body.
Your system is resistant to poisons. (rPois)
You cover ground very slowly.
You can spit poison.
You have a snake-like lower body.


Message History

The black bear barely misses you.
The bullfrog skeleton barely misses you.
The black bear barely misses you. The black bear claws you.
The black bear claws you but does no damage.
The bullfrog skeleton barely misses you.
You climb upwards.
There is a stone staircase leading down, spattered with blood here.
Aiming: Spit Poison (1% risk of failure)
Press: ? - help, Shift-Dir - straight line, f - black bear
Aim: a black bear (70% to hit)
The splash of poison hits the black bear but does no damage.
The black bear bites you. The black bear claws you. x2
Unknown command.
You aren't carrying any scrolls.
It was a potion of magic.
Magic courses through your body. The black bear bites you.
* * * LOW HITPOINT WARNING * * *
The black bear claws you.
* * * LOW HITPOINT WARNING * * *
The black bear barely misses you.
Unknown command.
It was a potion of degeneration.
There was something very wrong with that liquid.
You feel weakened.
You feel dopey.
You feel clumsy. The black bear bites you.
* * * LOW HITPOINT WARNING * * *
The black bear completely misses you.
The black bear claws you but does no damage.
It was a potion of invisibility.
You fade into invisibility!
The black bear bites you but does no damage.
The black bear claws you.
* * * LOW HITPOINT WARNING * * *
The black bear claws you but does no damage.
Unknown command.
It was a potion of attraction.
You feel attractive to monsters. The black bear misses you.
The black bear barely misses you. The black bear claws you.
You die...

.###.# #.#.## ##.##
#.# #.# #.# ##.#
...#########
########
####.......#
#..@...# #.#####.#
#..h.#.#
#.#####.###..#)..#
#..............#.#
##.##.##.###.####.#
#.....##># #.####.#
#........#
#....).####
#..#####.#
######....#
###........# ####.#


You could see a black bear.

Vanquished Creatures
  A hound (D:3)
  An iguana (D:3)
  Ijyb (D:3)
  3 gnolls (D:3)
  An adder (D:2)
  A dart slug (D:3)
  7 orcs (D:3)
  8 ball pythons
  4 bats
  5 endoplasms
  10 giant cockroaches
  9 goblins
  5 hobgoblins
  2 jackals (D:3)
  3 quokkas
  5 frilled lizards
  5 kobolds
  4 rats
75 creatures vanquished.

Notes
Turn   | Place    | Note
-------+----------+-------------------------------------------
     0 | D:1      | oldriver the Naga Venom Mage began the quest for the Orb.
     0 | D:1      | Reached XP level 1. HP: 15/15 MP: 3/3
   548 | D:1      | Reached XP level 2. HP: 24/24 MP: 3/5
  1377 | D:2      | Reached XP level 3. HP: 28/30 MP: 0/6
  1546 | D:2      | Found a faded altar of an unknown god.
  1687 | D:2      | Reached skill level 1 in Fighting
  2526 | D:3      | Reached XP level 4. HP: 34/38 MP: 3/7
  2529 | D:3      | Learned a level 2 spell: Poisonous Vapours
  2534 | D:3      | Learned a level 4 spell: Olgreb's Toxic Radiance
  3723 | D:3      | Noticed Ijyb
  3731 | D:3      | Killed Ijyb
  4015 | D:3      | Reached skill level 5 in Poison Magic
  4015 | D:3      | Reached XP level 5. HP: 42/45 MP: 1/9
  4388 | D:4      | Noticed a black bear
  4668 | D:4      | Noticed a phantom
  4673 | D:4      | Learned a level 3 spell: Mephitic Cloud
  4696 | D:3      | Reached skill level 5 in Stealth
  5245 | D:3      | HP: 2/46 [black bear (2)]
  5246 | D:3      | Slain by a black bear

Illustrated notes

Levels and vault maps discovered:
D:1:      mainiacjoe_arrival_reflecting_pool, layout_basic,
          minmay_indecisive_spiral
D:2:      cheibrodos_greedy_goblins, layout_basic,
          dreamdust_ecumenical_altar_hidden_monk_grotto
D:3:      layout_loops_cross, uniq_ijyb
D:4:      layout_rooms, cheibrodos_gnoll_hut, uniq_duvessa, uniq_eustachio

Skill      XL: |  1  2  3  4  5 |
---------------+----------------+-----
Fighting       | 1 2 |  2.6
Dodging        | 2 |  2.0
Stealth        | 4 5 |  5.0
Poison Magic   | 5 |  5.0
Spellcasting   | 3 |  3.2
Transmutations | |  1.0

Action                   |  1- 3 |  4- 6 || total
-------------------------+-------+-------++-------
Melee: Unarmed           |     6 |     1 ||     7
       Spear             |       |     2 ||     2
 Cast: Sting             |    46 |    48 ||    94
       Poisonous Vapours |       |    24 ||    24
 Abil: Spit Poison       |    37 |    23 ||    60
  Use: Scroll            |       |     5 ||     5
       Potion            |       |     4 ||     4
Armor: Robe              |     7 |    14 ||    21
Dodge: Dodged            |    23 |    29 ||    52

Table legend: (Time is in decaauts)
 A = Elapsed time spent in this place.
 B = Non-inter-level travel time spent in this place.
 C = Inter-level travel time spent in this place.
 D = Time resting spent in this place.
 E = Time spent auto-exploring this place.
 F = Levels seen in this place.
 G = Mean time per level.
                   A        B        C        D        E       F      G
               +--------+--------+--------+--------+--------+-----+--------+
         Total |   6306 |   5654 |    652 |   1511 |   3479 |   4 | 1576.5 |
       Dungeon |   6306 |   5654 |    652 |   1511 |   3479 |   4 | 1576.5 |
               +--------+--------+--------+--------+--------+-----+--------+

Top non-repeatable levels by time:
     D:3: 2898 daAuts
     D:1: 1764 daAuts
     D:2: 1594 daAuts
     D:4: 49 daAuts
